 Dungeon Crawl Stone Soup version 0.22-a0-614-g34fbaa0 (webtiles) character file.

33 Kaitocain the Chopper (level 3, -1/33 HPs)
             Began as a Minotaur Berserker on July 12, 2018.
             Was a Follower of Trog.
             Slain by Sigmund
             ... wielding a +0 scythe
              (7 damage)
             ... on level 2 of the Dungeon on July 13, 2018.
             The game lasted 00:07:19 (1034 turns).

Kaitocain the Chopper (Minotaur Berserker)          Turns: 1034, Time: 00:07:19

Health: -1/33      AC:  5    Str: 22    XL:     3   Next: 12%
Magic:  2/2        EV: 11    Int:  4    God:    Trog [*.....]
Gold:   71         SH:  0    Dex:  9    Spells: 2/2 levels left

rFire    . . .     SeeInvis .   a - +0 hand axe
rCold    . . .     Gourm    +   (no shield)
rNeg     . . .     Faith    .   f - +0 ring mail
rPois    .         Spirit   .   (helmet restricted)
rElec    .         Reflect  .   (no cloak)
rCorr    .         Harm     .   (no gloves)
MR       .....                  (no boots)
Stlth    ..........             d - amulet of the gourmand
HPRegen  0.11/turn              (no ring)
MPRegen  0.08/turn              (no ring)

@: drained
A: retaliatory headbutt, horns 2
a: Berserk, Renounce Religion


You were on level 2 of the Dungeon.
You worshipped Trog.
Trog was aware of your devotion.
You were completely stuffed.

You visited 1 branch of the dungeon, and saw 2 of its levels.

You collected 71 gold pieces.

Inventory:

Hand Weapons
 a - a +0 hand axe (weapon)
 e - a +0 whip
 h - a +4 whip of draining
Armour
 b - a +0 animal skin
 f - a +0 ring mail (worn)
Jewellery
 d - an amulet of the gourmand (around neck)
 l - an uncursed amulet of regeneration {unknown}
Scrolls
 i - a scroll of teleportation
 k - a scroll of noise
Potions
 j - a potion of flight {unknown}
Comestibles
 c - 4 rations
 g - 3 chunks of flesh


   Skills:
 + Level 4.2(3.1) Fighting
 + Level 4.4(3.3) Axes
 + Level 2.5(1.5) Armour
 + Level 2.5(1.4) Dodging


You had 2 spell levels left.
You didn't know any spells.
Your spell library was empty.

Dungeon Overview and Level Annotations

Branches:
Dungeon (2/15)

Altars:

Annotations:
D:2 Sigmund


Innate Abilities, Weirdness & Mutations

You reflexively headbutt those who attack you in melee.
You have a pair of horns on your head.


Message History

You hear some strange, mumbled words.
Something tries to affect you, but you resist.
You bump into the rock wall.
You hear some strange, mumbled words.
Something tries to affect you, but you resist.
Something hits you. Something hits you!
You feel less confused. Something completely misses you.
Something hits you but does no damage.
You hit something. You miss something. Your headbutt misses something.
Something hits you!
* * * LOW HITPOINT WARNING * * *
You hit something. You headbutt something. Something hits you.
* * * LOW HITPOINT WARNING * * *
You miss something. Your headbutt misses something.
Something completely misses you.
You miss something. You headbutt something! You hit something but do no damage.
Something hits you!
You die...

### #.. #.#
#.#
#########.#
#..<..)...#
#.#{#.....#
# #@#.###.#
#.#># ###
#.#.#
#........
#.######.
#.# ..# #.#
..#


There were no monsters in sight!

Vanquished Creatures
  An ooze (D:1)
  A dart slug (D:1)
  A bat (D:1)
  4 giant cockroaches (D:1)
  4 goblins
  A hobgoblin (D:1)
  4 jackals (D:1)
  A frilled lizard (D:1)
  4 kobolds (D:1)
  3 rats (D:1)
24 creatures vanquished.

Notes
Turn   | Place    | Note
-------+----------+-------------------------------------------
     0 | D:1      | Kaitocain the Minotaur Berserker began the quest for the Orb.
     0 | D:1      | Reached XP level 1. HP: 19/19 MP: 0/0
   197 | D:1      | Reached XP level 2. HP: 9/27 MP: 1/1
   731 | D:1      | Reached XP level 3. HP: 25/33 MP: 2/2
  1003 | D:2      | Noticed Sigmund
  1034 | D:2      | Slain by Sigmund

Vault maps used:
D:1:      elethiomel_arrival_infinity_welcomes_careful_drivers,
          grunt_decor_resistance, minmay_quantized
D:2:      serial_co_window_serial, co_window_of_opportunity_a,
          co_window_corner_a, co_window_paths_a, co_window_paths_a,
          co_window_corner_a, co_window_corner_cb, co_window_of_opportunity_c,
          co_window_2corner, co_window_corner_cb, co_window_unsneaky_path_a,
          co_window_sun, glass_columns_b, glass_columns_b, glass_columns_a,
          glass_columns_a, glass_columns_b, uniq_sigmund

Skill      XL: |  1  2 |
---------------+-------+-----
Axes           | 4 |  4.4
Fighting       | 4 |  4.2
Armour         | |  2.5
Dodging        | |  2.5

Action                   || total
-------------------------++-------
Melee: Hand axe          ||    56
       Headbutt          ||     5
  Use: Potion            ||     2
       Scroll            ||     3
  Eat: Chunk             ||    11
Armor: Animal skin       ||     2
       Ring mail         ||    16
Dodge: Dodged            ||    29

Table legend:
 A = Spawn XP
 B = Non-spawn XP
 C = Spawn XP percentage of total XP
 D = Spawn monster count
 E = Non-spawn monster count
 F = Spawn count percentage of total count
 G = Total turns spent on level
                    A         B        C        D         E        F      G
               +---------+---------+-------+---------+---------+-------+---------
         Total |       0 |      48 |   0.0 |       0 |      24 |   0.0 |  1034
               +---------+---------+-------+---------+---------+-------+---------
           D:1 |       0 |      46 |   0.0 |       0 |      23 |   0.0 |  1002
           D:2 |       0 |       2 |   0.0 |       0 |       1 |   0.0 |    32
               +---------+---------+-------+---------+---------+-------+---------
